 Dungeon Crawl Stone Soup version 0.21.0-8-gf18e19db4a (webtiles) character file.

669 Cecky the Twirler (level 7, -1/66 HPs)
             Began as a Gargoyle Gladiator on Jan 18, 2018.
             Was a Follower of the Shining One.
             Slain by a killer bee (4 damage)
             ... on level 5 of the Dungeon.
             The game lasted 00:06:57 (4159 turns).

Cecky the Twirler (Gargoyle Gladiator)              Turns: 4159, Time: 00:06:57

Health: -1/66      AC: 23    Str: 19    XL:     7   Next: 58%
Magic:  7/7        EV:  2    Int:  8    God:    the Shining One [*.....]
Gold:   303        SH:  0    Dex: 12    Spells: 6/6 levels left

rFire    . . .     SeeInvis .   a - +0 quarterstaff
rCold    . . .     Gourm    .   (shield currently unavailable)
rNeg     + + +     Faith    .   (armour currently unavailable)
rPois    ∞         Spirit   .   (helmet currently unavailable)
rElec    .         Reflect  .   (cloak currently unavailable)
rCorr    .         Harm     .   (gloves currently unavailable)
MR       .....     NoTele   +   (boots currently unavailable)
Stlth    +.........             (no amulet)
HPRegen  0.21/turn              (no ring)
MPRegen  0.10/turn              (no ring)

@: tree-form, glowing
A: negative energy resistance 1, petrification resistance, rot immunity, AC +4
a: Renounce Religion


You were on level 5 of the Dungeon.
You worshipped the Shining One.
The Shining One was aware of your devotion.
You were not hungry.
You were a tree.
You visited 1 branch of the dungeon, and saw 5 of its levels.

You collected 303 gold pieces.

Inventory:

Hand Weapons
 a - a +0 quarterstaff (weapon)
 q - a +0 whip
Missiles
 d - 5 throwing nets (quivered)
 h - 13 poisoned needles
Armour
 c - a +0 helmet (melded)
 w - a +0 ring mail (melded)
Wands
 u - a wand of disintegration (19)
Scrolls
 e - a scroll of identify
 i - 2 scrolls of fear
 j - a scroll of immolation {unknown}
 l - 2 scrolls of teleportation
 m - 2 scrolls of magic mapping {unknown}
 n - 2 scrolls of random uselessness {unknown}
 o - a scroll of blinking {unknown}
 p - 2 scrolls of remove curse
 s - a scroll of fog {unknown}
 t - a scroll of enchant armour {unknown}
Potions
 b - a potion of mutation {unknown}
 g - a potion of lignification
 k - a potion of heal wounds
 r - 2 potions of curing {unknown}
 v - a potion of might {unknown}
Comestibles
 f - 10 rations
 x - 2 chunks of flesh


   Skills:
 + Level 4.3 Fighting
 + Level 7.2 Staves
 - Level 1.7 Throwing
 + Level 3.1 Armour
 - Level 2.4 Dodging


You had 6 spell levels left.
You didn't know any spells.

Dungeon Overview and Level Annotations

Branches:
Dungeon (5/15)
 Temple: D:4-7

Altars:
Dithmenos
Elyvilon
Gozag
Hepliaklqana
Wu Jian
The Shining One


Innate Abilities, Weirdness & Mutations

You are resistant to torment.
((Your stone body is resilient. (AC +4)))
You are immune to poison.
You resist negative energy. (rN+)
((You are resistant to electric shocks. (rElec)))
((You can survive without breathing.))
You are immune to petrification.
You are immune to rotting.


Message History

The killer bee is moderately wounded.
The killer bee stings you but does no damage. x6
The killer bee stings you.
* * * LOW HITPOINT WARNING * * *
You hit the killer bee but do no damage.
The killer bee is lightly wounded.
The killer bee stings you but does no damage. x6
The killer bee completely misses you.
The killer bee stings you but does no damage.
You sock the killer bee!
The killer bee is almost dead.
The killer bee stings you but does no damage. x6
The killer bee stings you.
* * * LOW HITPOINT WARNING * * *
The killer bee stings you but does no damage.
You barely miss the killer bee.
The killer bee is almost dead.
The killer bee stings you but does no damage. x3
The killer bee barely misses you. The killer bee stings you.
You die...

..........'...... ......
...<......#...... ......
..........#......
......#####.##.####...##
#........#+##.#########
#........#....#........
#........#....#........
#........'....#.......
#....y♣y.#....'.......
#....y.y.#....#.......
##........#...###...###
#.......###...# ####
#.......#.....#
#.......#.....#
#.......#.....#
#########.......#.....#
#..............########


You could see 4 killer bees.

Vanquished Creatures
  2 ogres (D:4)
  A bullfrog (D:5)
  A killer bee (D:5)
  3 howler monkeys (D:4)
  A bullfrog skeleton (D:4)
  An iguana (D:4)
  2 worker ants (D:4)
  An orc wizard (D:3)
  4 gnolls (D:4)
  2 adders
  A howler monkey skeleton (D:4)
  An ooze (D:1)
  3 worms
  3 leopard geckos
  6 orcs
  6 bats
  7 giant cockroaches
  3 goblins
  7 hobgoblins
  10 jackals
  7 kobolds
  3 quokkas
  2 ball pythons (D:3)
  4 frilled lizards
  A jackal skeleton (D:5)
  5 rats
87 creatures vanquished.

Notes
Turn   | Place    | Note
-------+----------+-------------------------------------------
     0 | D:1      | Cecky the Gargoyle Gladiator began the quest for the Orb.
     0 | D:1      | Reached XP level 1. HP: 12/12 MP: 1/1
   206 | D:1      | Reached XP level 2. HP: 12/18 MP: 2/2
   992 | D:2      | Reached XP level 3. HP: 17/22 MP: 3/3
  1058 | D:2      | Found a glowing golden altar of the Shining One.
  1079 | D:2      | Became a worshipper of the Shining One
  1279 | D:2      | Found an ornate altar of the Wu Jian Council.
  1287 | D:2      | Reached skill level 4 in Staves
  1367 | D:2      | Reached skill level 1 in Armour
  1562 | D:2      | Found an opulent altar of Gozag.
  1565 | D:2      | Found a shadowy altar of Dithmenos.
  1568 | D:2      | Found a hazy altar of Hepliaklqana.
  2037 | D:3      | Reached XP level 4. HP: 27/27 MP: 4/4
  2711 | D:4      | Reached XP level 5. HP: 31/32 MP: 5/5
  2722 | D:4      | Noticed an ogre
  2739 | D:4      | Killed an ogre
  2739 | D:4      | Reached skill level 5 in Staves
  2760 | D:4      | Noticed an ogre
  2838 | D:4      | Reached XP level 6. HP: 36/37 MP: 6/6
  2843 | D:4      | HP: 1/37 [ogre/giant spiked club (16)]
  2844 | D:4      | Reached skill level 6 in Staves
  2936 | D:4      | Reached * piety under the Shining One
  3103 | D:4      | HP: 1/37 [gnoll/club (5)]
  3270 | D:4      | Found a white marble altar of Elyvilon.
  3528 | D:4      | Reached XP level 7. HP: 41/42 MP: 7/7
  4044 | D:5      | Entered Level 5 of the Dungeon
  4075 | D:5      | Reached skill level 7 in Staves
  4147 | D:5      | HP: 2/43 [killer bee (7)]
  4158 | D:5      | HP: 3/66 [killer bee (1)]
  4159 | D:5      | Slain by a killer bee

Skill      XL: |  1  2  3  4  5  6  7 |
---------------+----------------------+-----
Staves         | 4 5 6 7 |  7.2
Armour         | 1 2 3 |  3.1
Fighting       | 3 4 |  4.3
Throwing       | |  1.7
Dodging        | |  2.4

Action                   |  1- 3 |  4- 6 |  7- 9 || total
-------------------------+-------+-------+-------++-------
Melee: Quarterstaff      |    95 |   120 |    49 ||   264
  Use: Scroll            |       |     6 |       ||     6
       Potion            |       |     1 |     2 ||     3
 Stab: Sleeping          |     1 |       |       ||     1
  Eat: Chunk             |     4 |     4 |     2 ||    10
Armor: Leather armour    |    17 |       |       ||    17
       Ring mail         |     8 |    54 |    27 ||    89
       Skin              |       |       |    74 ||    74
Dodge: Dodged            |    53 |    86 |    44 ||   183
